 Dungeon Crawl Stone Soup version 0.31.0-11-ge490571c62 (webtiles) character file.

Game seed: 14553796011055622297

10683 qw the Nimble (level 11, -8/55 HPs)
             Began as a Spriggan Hunter on Feb 3, 2024.
             Was a High Priest of Okawaru.
             Killed by vampiric draining
             ... invoked by a vampire
              (18 damage)
             ... on level 10 of the Dungeon.
             The game lasted 00:00:51 (7582 turns).

qw the Nimble (Spriggan Hunter)                     Turns: 7582, Time: 00:00:52

Health: -8/55      AC:  7    Str:  7    XL:     11   Next: 39%
Magic:  16/16      EV: 35    Int: 11    God:    Okawaru [*****.]
Gold:   465        SH:  0    Dex: 23    Spells: 10/10 levels left

rFire   . . .        f - +0 orcbow
rCold   . . .        (shield currently unavailable)
rNeg    . . .        i - +0 steam dragon scales
rPois   +            (helmet restricted)
rElec   .            o - +1 cloak
rCorr   +            (gloves unavailable)
SInv    +            (boots unavailable)
Will    ++...        (no amulet)
Stlth   ++           e - ring of Wuimm {rPois rCorr}
HPRegen 0.29/turn    j - +5 ring of evasion
MPRegen 0.15/turn

%: no passive effects
@: about to teleport, very quick
A: very small, no large weapons, unfitting armour, see invisible, speed 3,
strong-willed 1, noise suppression
a: Renounce Religion, Heroism, Finesse, Duel


You were on level 10 of the Dungeon.
You worshipped Okawaru.
Okawaru was extremely pleased with you.
You visited 2 branches of the dungeon, and saw 11 of its levels.

You collected 519 gold pieces.
You spent 54 gold pieces at shops.


Innate Abilities, Weirdness & Mutations

You are very small and have problems with some larger weapons.
You are too small for most types of armour.
You have supernaturally acute eyesight. (SInv)
You cover ground extremely quickly. (Speed+++)
You are strong-willed. (Will+)
You passively dampen the noise of your surroundings.


   Skills:
 - Level 5.0 Fighting
 + Level 12.5 Ranged Weapons
 - Level 2.5 Armour
 - Level 13.0 Dodging
 - Level 1.5 Stealth
 + Level 6.6 Invocations


You had 10 spell levels left.
You didn't know any spells.
Your spell library was empty.

Inventory:

Hand Weapons
 f - a +0 orcbow (weapon)
Armour
 i - +0 steam dragon scales (worn)
 o - a +1 cloak (worn)
Jewellery
 e - the ring of Wuimm (left hand) {rPois rCorr}
   (You acquired it on level 1 of the Dungeon)

   [ring of poison resistance]

   rPois:     It protects you from poison rCorr: It protects you from acid and
   corrosion.
 g - an amulet of guardian spirit
 j - a +5 ring of evasion (right hand)
 m - a +4 ring of slaying {mikee}
Wands
 n - a wand of light (7)
 q - a wand of paralysis (9)
Scrolls
 c - 2 scrolls of identify
 h - 3 scrolls of teleportation
Potions
 a - 2 potions of magic
 b - 2 potions of enlightenment
 d - 2 potions of cancellation
 k - 3 potions of mutation
 l - 2 potions of curing
 r - a potion of resistance

Dungeon Overview and Level Annotations

Branches:
Dungeon (10/15)            Temple (1/1) D:5
   Lair: D:8-11         Orc: D:9-12

Altars:
Ashenzari
Cheibriados
Dithmenos
Elyvilon
Fedhas
Gozag
Hepliaklqana
Kikubaaqudgha
Makhleb
Nemelex Xobeh
Okawaru
Qazlal
Ru
Sif Muna
Trog
Uskayaw
Vehumet
Wu Jian
Xom
Yredelemnul
Zin
The Shining One

Shops:
D:5 [

Annotations:
D:3 1 runed translucent door, Crazy Yiuf


Message History

The vampire is heavily damaged.
The vampire hits you. The vampire barely misses you.
You shoot an arrow.
The arrow hits the vampire but does no damage.
The vampire is heavily damaged.
The vampire completely misses you. The vampire bites you.
The vampire draws strength from your injuries!
You shoot an arrow.
The arrow hits the vampire but does no damage.
The vampire is heavily damaged.
The vampire draws life force from you!
The vampire is healed by the life force!
You shoot an arrow.
The arrow hits the vampire but does no damage.
The vampire is lightly damaged.
The vampire misses you. The vampire completely misses you.
You shoot an arrow.
The arrow hits the vampire but does no damage.
The vampire is lightly damaged.
The vampire misses you. The vampire completely misses you.
You shoot an arrow. The arrow hits the vampire.
The vampire is moderately damaged.
The vampire gestures wildly while chanting.
The vampire flickers and vanishes for a moment.
You shoot an arrow. The arrow hits the vampire.
The vampire is moderately damaged.
You shoot an arrow. The arrow hits the vampire!
The vampire is severely damaged.
The vampire draws life force from you!
The vampire is healed by the life force!
You shoot an arrow. The arrow closely misses the vampire.
The vampire completely misses you. x2
You shoot an arrow. The arrow hits the vampire!
The vampire is severely damaged.
The vampire hits you! The vampire completely misses you.
7582 ||| READING 4 scrolls of teleportation.
As you read the scroll of teleportation, it crumbles to dust.
You feel strangely unstable. The vampire draws life force from you!!
You die...

#.....(..............#
.....................##
#.#.......?............#
#.#....................#
..................##
.................##
...............###
#.........<...##
#....V@....###
##.......### #########


You could see a vampire (invisible).

Vanquished Creatures
  Snorg (D:10)
  Erica (D:8)
  2 two-headed ogres
  Pikel (D:7)
  Maurice (D:7)
  A komodo dragon (D:10)
  2 hornets
  18 yaks
  A wyvern (D:9)
  Grum (D:8)
  A steam dragon (D:8)
  Menkaure (D:6)
  Duvessa (D:6)
  A water moccasin (D:8)
  An ice beast (D:5)
  A sky beast (D:7)
  3 orc warriors
  2 centaurs
  3 ogres
  2 wolves (D:8)
  2 lemures (D:7)
  2 phantoms
  A kobold brigand (D:9)
  3 bullfrogs
  7 scorpions
  12 wights
  Dowan (D:6)
  4 killer bees (D:8)
  A howler monkey (D:4)
  5 hounds
  6 orc priests
  A bombardier beetle (D:7)
  A jelly (D:5)
  2 sleepcaps
  Jessica (D:3)
  2 iguanas
  Natasha (twice) (D:4)
  3 orc wizards
  Ijyb (D:3)
  Robin (D:3)
  6 adders
  A white imp (D:6)
  3 dart slugs
  28 orcs
  2 ball pythons (D:1)
  4 endoplasms
  3 giant cockroaches
  9 hobgoblins
  2 quokkas
  4 bats
  3 frilled lizards
  18 goblins
  16 kobolds
  A rat (D:1)
203 creatures vanquished.

Notes
Turn   | Place    | Note
-------+----------+-------------------------------------------
     0 | D:1      | qw the Spriggan Hunter began the quest for the Orb.
     0 | D:1      | Reached XP level 1. HP: 10/10 MP: 2/2
     0 | D:1      | 0 ||| qw: Version: 0.3-a-157-g843a77d
     0 | D:1      | 0 ||| qw: Game counter: 3994
     0 | D:1      | 0 ||| qw: Melee chars always use a shield: true
     0 | D:1      | 0 ||| qw: God list: Okawaru
     0 | D:1      | 0 ||| qw: Allow faded altars: false
     0 | D:1      | 0 ||| qw: Do Orc after clearing Dungeon:15 true
     0 | D:1      | 0 ||| qw: Do second Lair branch before Depths: true
     0 | D:1      | 0 ||| qw: Lair rune preference: random
     0 | D:1      | 0 ||| qw: Goals: Normal
     0 | D:1      | 0 ||| PLANNING D:1-11
    50 | D:1      | Reached skill level 3 in Dodging
    96 | D:1      | Reached XP level 2. HP: 14/14 MP: 3/3
   118 | D:1      | Reached skill level 4 in Dodging
   448 | D:1      | 448 ||| READING scroll labelled ITUFUCU DAPLUPP.
   449 | D:1      | 449 ||| READING scroll labelled GUMANO ZEBBOY.
   449 | D:1      | 449 ||| IDENTIFYING sedimented puce potion
   450 | D:1      | 450 ||| READING scroll labelled LEORPHA ZUIF.
   451 | D:1      | 451 ||| READING scroll labelled NAUT LOLEG.
   451 | D:1      | Identified a scroll of acquirement
   451 | D:1      | 451 ||| ACQUIRING ring of Wuimm {rPois rCorr}
   451 | D:1      | Acquired the ring of Wuimm {rPois rCorr}
   453 | D:1      | 453 ||| UPGRADING to ring of Wuimm {rPois rCorr}.
   454 | D:1      | 454 ||| READING scroll labelled DILOFO BAAJ.
   455 | D:1      | 455 ||| DROPPING scroll of butterflies.
   490 | D:2      | 490 ||| STAIRDANCE
   499 | D:1      | Reached XP level 3. HP: 15/18 MP: 4/4
   512 | D:2      | 512 ||| STAIRDANCE
   551 | D:2      | Found an ornate altar of the Wu Jian Council.
   624 | D:2      | Identified the +3 falchion "Teda" {antimagic, Will+++}
  1235 | D:2      | 1235 ||| DROPPING scarf of shadows.
  1236 | D:2      | 1236 ||| UPGRADING to +5 ring of evasion.
  1237 | D:2      | 1237 ||| READING scroll labelled TYAMUI RIYRIM.
  1338 | D:2      | 1338 ||| READING scroll labelled COMYPE GOFIA.
  1338 | D:2      | 1338 ||| ENCHANTING +0 shortbow.
  1339 | D:2      | 1339 ||| READING scroll labelled DORASODD DOYTAASS.
  1340 | D:2      | 1340 ||| DRINKING 2 golden potions.
  1514 | D:3      | 1514 ||| RETREEEEATING.
  1516 | D:3      | Reached XP level 4. HP: 22/22 MP: 5/5
  1531 | D:3      | HP: 4/22 [kobold/+0 dagger (4)]
  1547 | D:3      | 1547 ||| FLEEEEING.
  1549 | D:3      | 1549 ||| FLEEEEING.
  1550 | D:3      | 1550 ||| FLEEEEING.
  1554 | D:3      | 1554 ||| FLEEEEING.
  1556 | D:3      | 1556 ||| FLEEEEING.
  1557 | D:3      | 1557 ||| FLEEEEING.
  1558 | D:3      | 1558 ||| FLEEEEING.
  1559 | D:3      | 1559 ||| FLEEEEING.
  1560 | D:3      | 1560 ||| FLEEEEING.
  1561 | D:3      | 1561 ||| FLEEEEING.
  1562 | D:3      | 1562 ||| FLEEEEING.
  1563 | D:3      | 1563 ||| FLEEEEING.
  1564 | D:3      | 1564 ||| FLEEEEING.
  1565 | D:3      | 1565 ||| FLEEEEING.
  1566 | D:3      | 1566 ||| FLEEEEING.
  1569 | D:3      | 1569 ||| FLEEEEING.
  1572 | D:3      | 1572 ||| FLEEEEING.
  1573 | D:3      | 1573 ||| FLEEEEING.
  1574 | D:3      | 1574 ||| FLEEEEING.
  1575 | D:3      | 1575 ||| FLEEEEING.
  1576 | D:3      | 1576 ||| FLEEEEING.
  1579 | D:3      | 1579 ||| FLEEEEING.
  1580 | D:3      | 1580 ||| FLEEEEING.
  1581 | D:3      | 1581 ||| FLEEEEING.
  1582 | D:3      | 1582 ||| FLEEEEING.
  1583 | D:3      | 1583 ||| FLEEEEING.
  1584 | D:3      | 1584 ||| FLEEEEING.
  1585 | D:3      | 1585 ||| FLEEEEING.
  1586 | D:3      | 1586 ||| FLEEEEING.
  1587 | D:3      | 1587 ||| FLEEEEING.
  1590 | D:3      | 1590 ||| FLEEEEING.
  1591 | D:3      | 1591 ||| FLEEEEING.
  1592 | D:3      | 1592 ||| FLEEEEING.
  1593 | D:3      | 1593 ||| FLEEEEING.
  1594 | D:3      | 1594 ||| FLEEEEING.
  1595 | D:3      | 1595 ||| FLEEEEING.
  1596 | D:3      | 1596 ||| FLEEEEING.
  1597 | D:3      | 1597 ||| FLEEEEING.
  1603 | D:3      | 1603 ||| FLEEEEING.
  1604 | D:3      | 1604 ||| FLEEEEING.
  1605 | D:3      | 1605 ||| FLEEEEING.
  1607 | D:3      | 1607 ||| FLEEEEING.
  1608 | D:3      | 1608 ||| FLEEEEING.
  1609 | D:3      | 1609 ||| FLEEEEING.
  1610 | D:3      | 1610 ||| FLEEEEING.
  1611 | D:3      | 1611 ||| FLEEEEING.
  1612 | D:3      | 1612 ||| FLEEEEING.
  1615 | D:3      | 1615 ||| FLEEEEING.
  1616 | D:3      | 1616 ||| FLEEEEING.
  1617 | D:3      | 1617 ||| FLEEEEING.
  1618 | D:3      | 1618 ||| FLEEEEING.
  1619 | D:3      | 1619 ||| FLEEEEING.
  1631 | D:3      | Noticed Jessica
  1635 | D:3      | Killed Jessica
  1636 | D:3      | Reached skill level 5 in Dodging
  1646 | D:3      | Found a faded altar of an unknown god.
  1742 | D:3      | Found a runed translucent door.
  1743 | D:3      | Noticed Crazy Yiuf
  1861 | D:3      | Noticed Robin
  1871 | D:3      | Killed Robin
  1908 | D:3      | Noticed Ijyb
  1916 | D:3      | Killed Ijyb
  1917 | D:3      | Reached XP level 5. HP: 26/26 MP: 6/6
  2095 | D:3      | 2095 ||| READING scroll of identify.
  2095 | D:3      | 2095 ||| IDENTIFYING lumpy sapphire potion
  2096 | D:3      | 2096 ||| READING scroll labelled VESIAT KIVAD.
  2130 | D:3      | 2130 ||| READING scroll labelled ANEZXIMELU.
  2131 | D:3      | 2131 ||| DRINKING 2 bubbling cyan potions.
  2131 | D:3      | Gained mutation: You passively dampen the noise of your
                  | surroundings. [potion of mutation]
  2131 | D:3      | Gained mutation: You are strong-willed. (Will+) [potion of
                  | mutation]
  2449 | D:4      | Noticed Natasha
  2451 | D:4      | Killed Natasha
  2738 | D:4      | Noticed an ogre
  2740 | D:4      | 2740 ||| ZAPPING wand of light (10) at 2,-5 (ogre; floor).
  2741 | D:4      | 2741 ||| ZAPPING wand of light (9) at 1,-4 (ogre; floor).
  2742 | D:4      | 2742 ||| ZAPPING wand of light (8) at 2,-5 (ogre; floor).
  2742 | D:4      | Killed an ogre
  2743 | D:4      | Reached skill level 6 in Ranged Weapons
  2743 | D:4      | Reached XP level 6. HP: 30/30 MP: 7/7
  2956 | D:4      | Noticed Natasha
  2962 | D:4      | Killed Natasha
  2978 | D:4      | Reached skill level 6 in Dodging
  3139 | D:4      | 3139 ||| DROPPING ring of ice.
  3140 | D:4      | 3140 ||| READING scroll of identify.
  3140 | D:4      | 3140 ||| IDENTIFYING blue potion
  3141 | D:4      | 3141 ||| READING scroll labelled ZUITAI LIKLONE.
  3142 | D:4      | 3142 ||| DRINKING 2 silvery potions.
  3173 | D:4      | 3173 ||| DROPPING potion of attraction.
  3174 | D:4      | 3174 ||| DROPPING potion of lignification.
  3186 | D:5      | Entered Level 5 of the Dungeon
  3187 | D:5      | Found a staircase to the Ecumenical Temple.
  3188 | D:5      | 3188 ||| PLANNING TEMPLE
  3195 | Temple   | Entered the Ecumenical Temple
  3196 | Temple   | 3196 ||| PLANNING D:1-11
  3266 | D:5      | Reached XP level 7. HP: 24/35 MP: 8/8
  3331 | D:5      | 3331 ||| READING 3 scrolls of enchant weapon.
  3331 | D:5      | 3331 ||| ENCHANTING +1 shortbow.
  3332 | D:5      | 3332 ||| READING 2 scrolls of enchant weapon.
  3332 | D:5      | 3332 ||| ENCHANTING +2 shortbow.
  3333 | D:5      | 3333 ||| READING scroll of enchant weapon.
  3333 | D:5      | 3333 ||| ENCHANTING +3 shortbow.
  3374 | D:5      | Reached skill level 7 in Dodging
  3442 | D:5      | Found Ciwnuvem's Armour Boutique.
  3451 | D:5      | 3451 ||| BUYING +0 cloak (54 gold).
  3451 | D:5      | Bought a +0 cloak for 54 gold pieces
  3474 | D:5      | 3474 ||| FLEEEEING.
  3475 | D:5      | 3475 ||| FLEEEEING.
  3477 | D:5      | 3477 ||| FLEEEEING.
  3479 | D:5      | 3479 ||| FLEEEEING.
  3480 | D:5      | 3480 ||| FLEEEEING.
  3481 | D:5      | 3481 ||| FLEEEEING.
  3482 | D:5      | 3482 ||| FLEEEEING.
  3483 | D:5      | 3483 ||| STAIRDANCE
  3530 | D:4      | 3530 ||| UPGRADING to +0 cloak.
  3535 | D:4      | 3535 ||| READING 2 scrolls of identify.
  3535 | D:4      | 3535 ||| IDENTIFYING fizzy red potion
  3536 | D:4      | 3536 ||| READING scroll of identify.
  3536 | D:4      | 3536 ||| IDENTIFYING fizzy coppery potion
  3689 | D:5      | Reached XP level 8. HP: 13/39 MP: 9/9
  3689 | D:5      | HP: 4/39 [centaur/arrow (9)]
  3690 | D:5      | 3690 ||| READING scroll of teleportation.
  3691 | D:5      | 3691 ||| DRINKING potion of heal wounds.
  3801 | D:5      | Reached skill level 3 in Fighting
  3889 | D:5      | 3889 ||| SWAPPING to +0 orcbow.
  3890 | D:5      | 3890 ||| DROPPING +4 shortbow.
  3919 | D:6      | Reached skill level 8 in Dodging
  3970 | D:6      | Noticed Menkaure
  3975 | D:6      | Killed Menkaure
  3978 | D:6      | Found a radiant altar of Vehumet.
  3994 | D:6      | Reached skill level 9 in Ranged Weapons
  4058 | D:6      | Reached skill level 9 in Dodging
  4109 | D:6      | Found an ancient bone altar of Kikubaaqudgha.
  4217 | D:6      | Found an iron altar of Okawaru.
  4217 | D:6      | Found an opulent altar of Gozag.
  4218 | D:6      | 4218 ||| PLANNING OKAWARU WORSHIP
  4218 | D:6      | 4218 ||| DROPPING ring of wizardry.
  4222 | D:6      | Became a worshipper of Warmaster Okawaru
  4223 | D:6      | 4223 ||| PLANNING D:1-11
  4340 | D:6      | Noticed Duvessa
  4342 | D:6      | Noticed Dowan
  4350 | D:6      | 4350 ||| DRINKING potion of haste.
  4351 | D:6      | Killed Duvessa
  4356 | D:6      | Killed Dowan
  4411 | D:6      | Found a basalt altar of Yredelemnul.
  4412 | D:6      | Found a shimmering altar of Xom.
  4428 | D:6      | Found a sparkling altar of Nemelex Xobeh.
  4461 | D:6      | HP: 1/40 [orc priest/divine providence (12)]
  4714 | D:7      | Reached XP level 9. HP: 44/44 MP: 10/10
  4768 | D:7      | Reached * piety under Okawaru
  4784 | D:7      | Reached skill level 1 in Invocations
  4869 | D:7      | Reached skill level 10 in Dodging
  5030 | D:7      | Noticed Maurice
  5031 | D:7      | 5031 ||| INVOKING Heroism.
  5039 | D:7      | Killed Maurice
  5040 | D:7      | Reached skill level 3 in Invocations
  5165 | D:7      | Noticed Pikel
  5166 | D:7      | 5166 ||| RETREEEEATING.
  5170 | D:7      | 5170 ||| RETREEEEATING.
  5178 | D:7      | 5178 ||| RETREEEEATING.
  5179 | D:7      | 5179 ||| INVOKING Heroism.
  5185 | D:7      | Killed Pikel
  5215 | D:7      | Found an ornate altar of the Wu Jian Council.
  5431 | D:7      | 5431 ||| UPGRADING to +1 cloak.
  5441 | D:7      | 5441 ||| DROPPING +0 cloak.
  5442 | D:7      | 5442 ||| READING scroll labelled PECEAM QATTOA.
  5443 | D:7      | 5443 ||| DRINKING 2 bubbling pink potions.
  5444 | D:7      | 5444 ||| DRINKING 2 red potions.
  5445 | D:7      | 5445 ||| DROPPING wand of flame (20).
  5446 | D:7      | 5446 ||| DROPPING potion of degeneration.
  5511 | D:8      | 5511 ||| RETREEEEATING.
  5512 | D:8      | 5512 ||| RETREEEEATING.
  5514 | D:8      | 5514 ||| RETREEEEATING.
  5518 | D:8      | 5518 ||| RETREEEEATING.
  5530 | D:8      | 5530 ||| INVOKING Heroism.
  5544 | D:8      | Reached XP level 10. HP: 27/49 MP: 12/14
  5552 | D:8      | Reached ** piety under Okawaru
  5553 | D:8      | Reached skill level 11 in Dodging
  5565 | D:8      | HP: 11/49 [yak (10)]
  5566 | D:8      | 5566 ||| READING 3 scrolls of teleportation.
  5724 | D:8      | Noticed a two-headed ogre
  5725 | D:8      | 5725 ||| INVOKING Heroism.
  5737 | D:8      | Killed a two-headed ogre
  5738 | D:8      | Reached skill level 12 in Dodging
  5813 | D:8      | Noticed Erica
  5814 | D:8      | 5814 ||| INVOKING Heroism.
  5815 | D:8      | Noticed Grum
  5816 | D:8      | 5816 ||| RETREEEEATING.
  5827 | D:8      | HP: 10/49 [Erica/+3 scimitar of flaming (8)]
  5828 | D:8      | 5828 ||| READING 2 scrolls of teleportation.
  5957 | D:8      | 5957 ||| INVOKING Heroism.
  5976 | D:8      | Killed Erica
  5976 | D:8      | Reached *** piety under Okawaru
  6043 | D:8      | Reached skill level 12 in Ranged Weapons
  6133 | D:8      | Killed Grum
  6508 | D:8      | 6508 ||| UPGRADING to +0 steam dragon scales.
  6518 | D:8      | 6518 ||| DROPPING +0 robe.
  6681 | D:9      | Noticed a two-headed ogre
  6682 | D:9      | 6682 ||| INVOKING Heroism.
  6690 | D:9      | Killed a two-headed ogre
  6744 | D:9      | Reached **** piety under Okawaru
  6793 | D:9      | Reached XP level 11. HP: 53/55 MP: 15/15
  7082 | D:9      | 7082 ||| RETREEEEATING.
  7086 | D:9      | 7086 ||| RETREEEEATING.
  7162 | D:9      | 7162 ||| RETREEEEATING.
  7166 | D:9      | 7166 ||| RETREEEEATING.
  7167 | D:9      | 7167 ||| RETREEEEATING.
  7168 | D:9      | 7168 ||| RETREEEEATING.
  7169 | D:9      | 7169 ||| RETREEEEATING.
  7170 | D:9      | 7170 ||| RETREEEEATING.
  7172 | D:9      | 7172 ||| RETREEEEATING.
  7173 | D:9      | 7173 ||| RETREEEEATING.
  7174 | D:9      | 7174 ||| RETREEEEATING.
  7175 | D:9      | 7175 ||| RETREEEEATING.
  7176 | D:9      | 7176 ||| RETREEEEATING.
  7180 | D:9      | 7180 ||| RETREEEEATING.
  7184 | D:9      | Reached skill level 13 in Dodging
  7189 | D:9      | 7189 ||| RETREEEEATING.
  7191 | D:9      | 7191 ||| RETREEEEATING.
  7193 | D:9      | 7193 ||| RETREEEEATING.
  7236 | D:9      | Reached skill level 6 in Invocations
  7436 | D:9      | 7436 ||| READING scroll of identify.
  7436 | D:9      | 7436 ||| IDENTIFYING fuming coppery potion
  7437 | D:9      | 7437 ||| DRINKING 2 purple potions.
  7438 | D:9      | 7438 ||| DROPPING potion of brilliance.
  7445 | D:10     | Entered Level 10 of the Dungeon
  7477 | D:10     | Noticed Snorg
  7479 | D:10     | 7479 ||| INVOKING Finesse.
  7498 | D:10     | Killed Snorg
  7498 | D:10     | Reached ***** piety under Okawaru
  7581 | D:10     | HP: 9/55 [vampire (7)]
  7582 | D:10     | 7582 ||| READING 4 scrolls of teleportation.
  7582 | D:10     | Killed from afar by a vampire

Levels and vault maps discovered:
D:1:      dpeg_arrival_refuge, layout_rooms, serial_bayou_lagoon_b
D:2:      layout_basic, basic_altar, minmay_misc_feat_alley
D:3:      layout_rooms, ebering_ecumenical_altar_webs, minmay_misc_feat_tiny,
          serial_park_tiny_pond, minmay_misc_feat_secret_circle,
          minmay_misc_feat_columns, hex_tiny, uniq_ijyb, uniq_jessica,
          uniq_crazy_yiuf_cottage, uniq_robin
D:4:      layout_layer_cave, uniq_natasha
D:5:      layout_rooms, minmay_temple_entry_mini_moons, serial_shops,
          nicolae_shop_hallway_stairs
D:6:      layout_gridville, gammafunk_temple_overflow_forgotten,
          gammafunk_temple_overflow_wave, mainiacjoe_overflow_large_starburst,
          uniq_duvessa, uniq_menkaure
D:7:      layout_loops_ring, lemuel_round_altar, uniq_maurice, uniq_pikel
D:8:      layout_basic, uniq_erica, uniq_grum
D:9:      layout_irregular_city
D:10:     layout_cave_pods, grunt_lair_entry_orc_guard_hut,
          hellmonk_ghost_happy_afterlife, uniq_snorg
Temple:   zaba_magenta_temple

Skill      XL: |  1  2  3  4  5  6  7  8  9 10 11 |
---------------+----------------------------------+-----
Dodging        | 3 4 5 6 7 9 10 12 13 | 13.0
Ranged Weapons | 5 6 7 8 10 12 | 12.5
Fighting       | 2 3 4 5 |  5.0
Invocations    | 4 6 |  6.6
Armour         | 2 |  2.5
Stealth        | |  1.5

Action                     |  1- 3 |  4- 6 |  7- 9 | 10-12 || total
---------------------------+-------+-------+-------+-------++-------
   Fire: Shortbow          |    99 |   138 |    82 |       ||   319
         Orcbow            |       |       |   223 |   380 ||   603
 Invoke: Heroism           |       |       |     3 |     4 ||     7
         Finesse           |       |       |       |     1 ||     1
  Evoke: Wand              |       |     3 |       |       ||     3
    Use: Scroll            |     8 |     5 |     7 |     4 ||    24
         Potion            |     1 |     2 |     4 |     1 ||     8
 Armour: Robe              |    11 |    16 |    29 |    13 ||    69
         Steam dragon scal |       |       |       |    17 ||    17
  Dodge: Dodged            |    27 |    67 |   141 |   247 ||   482

Table legend:
 A = Non-vault XP
 B = Vault XP
 C = Vault XP percentage of total XP
 D = Non-vault monster count
 E = Vault monster count
 F = Vault count percentage of total count
                 A         B        C        D         E       F
            +---------+---------+-------+---------+---------+-------
      Total |   10830 |    4432 |  29.0 |     174 |      27 |  13.4
            +---------+---------+-------+---------+---------+-------
        D:1 |      48 |       0 |   0.0 |      22 |       0 |   0.0
        D:2 |      32 |       0 |   0.0 |      10 |       0 |   0.0
        D:3 |      41 |     102 |  71.3 |      19 |      12 |  38.7
        D:4 |     320 |      35 |   9.9 |      15 |       1 |   6.2
        D:5 |    1086 |       0 |   0.0 |      22 |       0 |   0.0
        D:6 |     717 |     391 |  35.3 |      19 |       3 |  13.6
        D:7 |     701 |    1154 |  62.2 |      13 |       2 |  13.3
        D:8 |    3340 |    1248 |  27.2 |      19 |       4 |  17.4
        D:9 |    4545 |       0 |   0.0 |      35 |       0 |   0.0
       D:10 |       0 |    1502 | 100.0 |       0 |       5 | 100.0
            +---------+---------+-------+---------+---------+-------
